AA
NEW HAMPSHIRE FISHER CATS @ BIRMINGHAM BARONS
04/28/2018
 
TOP OF THE 1ST
New Hampshire Fisher Cats batting - Pitching for Birmingham Barons : RHP Jose Almonte
Pitching: RHP Jose Almonte
Batting: RHB Anfernee Grier 0-0: Fly out, F8 (Flyball, 8RS)
Batting: LHB Jesse Berardi 0-0: Ball
1-0: Called Strike
1-1: Fly out, F9 (Flyball, 9LS)
Batting: RHB Wuilmer Becerra 0-0: Called Strike
0-1: Ball
1-1: Called Strike
1-2: SINGLE (Groundball, 56D)
Batting: RHB Calten Daal 0-0: Ball
1-0: Ball
2-0: Swinging Strike
2-1: Ball
3-1: Foul Ball, location: 2F
3-2: Strikes out swinging
Top of the 1st over - 0 runs, 1 hit, 0 errors, 1 left on base; New Hampshire 0 - Birmingham 0
BOTTOM OF THE 1ST
Birmingham Barons batting - Pitching for New Hampshire Fisher Cats : LHP Ramon Perez
Pitching: LHP Ramon Perez
Batting: SHB Sergio Alcantara 0-0: Ball
1-0: Fly out, F7 (Flyball, 7LSF)
Batting: LHB Justin Bellinger 0-0: Ball
1-0: Ball
2-0: Called Strike
2-1: Called Strike
2-2: Strikes out looking
Batting: LHB Daniel Johnson Jr. 0-0: Bunt for hit - play at first, batter OUT! 1-3
Bottom of the 1st over - 0 runs, 0 hits, 0 errors, 0 left on base; New Hampshire 0 - Birmingham 0
TOP OF THE 2ND
New Hampshire Fisher Cats batting - Pitching for Birmingham Barons : RHP Jose Almonte
Batting: RHB Roberto Baldoquin 0-0: Ball
1-0: Called Strike
1-1: Swinging Strike
1-2: Ball
2-2: Ball
3-2: SINGLE (Line Drive, 9LS)
Batting: LHB Quinn Brodey 0-0: Ball
1-0: Ball
2-0: Ball
3-0: Called Strike
3-1: Reached on error, E1 (Groundball, P)
Roberto Baldoquin to second
Batting: RHB Michael Rivera 0-0: Grounds into double play, 1-6-3 (Groundball, P)
Roberto Baldoquin to third
Batting: RHB Jose Augusto Rodriguez 0-0: Called Strike
0-1: Foul Ball, location: 2F
0-2: Ball
1-2: Ball
2-2: Ball
3-2: Base on Balls
Batting: RHB Onil Pena 0-0: Called Strike
0-1: Ball
1-1: Ball
Wild Pitch!
Roberto Baldoquin scores
Jose Augusto Rodriguez to second
2-1: Ground out 1-3 (Groundball, 13)
Top of the 2nd over - 1 run, 1 hit, 1 error, 1 left on base; New Hampshire 1 - Birmingham 0
BOTTOM OF THE 2ND
Birmingham Barons batting - Pitching for New Hampshire Fisher Cats : LHP Ramon Perez
Batting: RHB Brandon Montgomery 0-0: Ground out 5-3 (Groundball, 56S)
Batting: RHB Matt Albanese 0-0: Fly out, F8 (Line Drive, 8LD)
Batting: SHB Bryan Lizardo 0-0: Called Strike
0-1: Foul Ball, location: 2F
0-2: Ball
1-2: Foul Ball, location: 2F
1-2: SINGLE (Groundball, 6D)
Batting: LHB J.J. Matijevic 0-0: Foul Ball, location: 2F
0-1: Called Strike
0-2: Foul Ball, location: 2F
0-2: Foul Ball, location: 2F
0-2: Foul Ball, location: 2F
0-2: Ball
1-2: Ground out 1-3 (Groundball, 34S)
Bottom of the 2nd over - 0 runs, 1 hit, 0 errors, 1 left on base; New Hampshire 1 - Birmingham 0
TOP OF THE 3RD
New Hampshire Fisher Cats batting - Pitching for Birmingham Barons : RHP Jose Almonte
Batting: RHB Anfernee Grier 0-0: Called Strike
0-1: Bunt for hit - play at first, batter OUT! 2-3
Batting: LHB Jesse Berardi 0-0: Called Strike
0-1: Swinging Strike
0-2: Ball
1-2: Strikes out swinging
Batting: RHB Wuilmer Becerra 0-0: Ball
1-0: Ball
2-0: Foul Ball, location: 2F
2-1: Ball
3-1: Base on Balls
Batting: RHB Calten Daal 0-0: Called Strike
0-1: Ball
1-1: Foul Ball, location: 2F
1-2: Strikes out swinging
Top of the 3rd over - 0 runs, 0 hits, 0 errors, 1 left on base; New Hampshire 1 - Birmingham 0
BOTTOM OF THE 3RD
Birmingham Barons batting - Pitching for New Hampshire Fisher Cats : LHP Ramon Perez
Batting: RHB Myles McKisic 0-0: Ground out 5-3 (Groundball, 5)
Batting: LHB Andrew Noviello 0-0: Foul Ball, location: 2F
0-1: Fly out, F7 (Flyball, 7D)
Batting: SHB Sergio Alcantara 0-0: Ball
1-0: Called Strike
1-1: SINGLE (Line Drive, 6D)
Batting: LHB Justin Bellinger 0-0: Called Strike
0-1: DOUBLE (Line Drive, 78XD)
Sergio Alcantara to third
Runner from 3rd tries for Home, SAFE, no throw
Batting: LHB Daniel Johnson Jr. 0-0: Ball
1-0: Swinging Strike
1-1: Ball
2-1: Fly out, F8 (Flyball, 8LM)
Bottom of the 3rd over - 1 run, 2 hits, 0 errors, 1 left on base; New Hampshire 1 - Birmingham 1
TOP OF THE 4TH
New Hampshire Fisher Cats batting - Pitching for Birmingham Barons : RHP Jose Almonte
Batting: RHB Roberto Baldoquin 0-0: Called Strike
0-1: Ball
1-1: Ball
2-1: Swinging Strike
2-2: Foul Ball, location: 2F
2-2: Ball
3-2: Base on Balls
Batting: LHB Quinn Brodey 0-0: Ball
1-0: Sac Bunt - play at second, runner OUT! 3-6
Batting: RHB Michael Rivera 0-0: Called Strike
0-1: Ball
1-1: Foul Ball, location: 2F
1-2: Foul Ball, location: 2F
1-2: Foul Ball, location: 2F
1-2: Ball
2-2: Ball
3-2: Strikes out looking
Quinn Brodey is caught stealing 2nd base
Batter strikes out.
Top of the 4th over - 0 runs, 0 hits, 0 errors, 0 left on base; New Hampshire 1 - Birmingham 1
BOTTOM OF THE 4TH
Birmingham Barons batting - Pitching for New Hampshire Fisher Cats : LHP Ramon Perez
Batting: RHB Brandon Montgomery 0-0: Ball
1-0: Ball
2-0: Ball
3-0: Base on Balls
Batting: RHB Matt Albanese 0-0: Called Strike
0-1: Fly out, F3 (Popup, 3SF)
Batting: SHB Bryan Lizardo 0-0: Ball
1-0: Called Strike
1-1: Swinging Strike
1-2: SINGLE (Groundball, 5) (infield hit)
Brandon Montgomery to second
Batting: LHB J.J. Matijevic 0-0: Foul Ball, location: 2F
0-1: Ball
1-1: Swinging Strike
1-2: Ball
2-2: Ball
3-2: Base on Balls
Brandon Montgomery to third
Bryan Lizardo to second
Batting: RHB Myles McKisic 0-0: Ball
1-0: Ball
2-0: Called Strike
2-1: Grounds into fielders choice 1-2 (Groundball, P)
Bryan Lizardo to third
J.J. Matijevic to second
Batting: LHB Andrew Noviello 0-0: Swinging Strike
0-1: Swinging Strike
0-2: Foul Ball, location: 2F
0-2: Ground out 4-3 (Groundball, 4)
Bottom of the 4th over - 0 runs, 1 hit, 0 errors, 3 left on base; New Hampshire 1 - Birmingham 1
TOP OF THE 5TH
New Hampshire Fisher Cats batting - Pitching for Birmingham Barons : RHP Jose Almonte
Batting: RHB Jose Augusto Rodriguez 0-0: Ball
1-0: Called Strike
1-1: Swinging Strike
1-2: Ball
2-2: Foul Ball, location: 2F
2-2: Ball
3-2: Foul Ball, location: 2F
3-2: SINGLE (Groundball, 5D)
Batting: RHB Onil Pena 0-0: Ball
1-0: Called Strike
1-1: Sac Bunt - play at first, batter OUT! 2-3
Jose Augusto Rodriguez to second
Batting: RHB Anfernee Grier 0-0: Called Strike
0-1: Ball
1-1: Called Strike
1-2: Strikes out looking and he ARGUES THE CALL AND IS TOSSED!
Batting: LHB Jesse Berardi 0-0: Called Strike
0-1: Fly out, F8 (Flyball, 8RM)
Top of the 5th over - 0 runs, 1 hit, 0 errors, 1 left on base; New Hampshire 1 - Birmingham 1
BOTTOM OF THE 5TH
Birmingham Barons batting - Pitching for New Hampshire Fisher Cats : LHP Ramon Perez
Now in CF: Adrian Rondon
Batting: SHB Sergio Alcantara 0-0: Called Strike
0-1: Foul Ball, location: 2F
0-2: Ground out 4-3 (Groundball, 4M)
Batting: LHB Justin Bellinger 0-0: Ball
1-0: Called Strike
1-1: Ball
2-1: Ball
3-1: Ground out 3-1 (Groundball, 34)
Batting: LHB Daniel Johnson Jr. 0-0: Called Strike
0-1: Ball
1-1: Ball
2-1: Ball
3-1: Foul Ball, location: 2F
3-2: Ground out 4-3 (Groundball, 4D)
Bottom of the 5th over - 0 runs, 0 hits, 0 errors, 0 left on base; New Hampshire 1 - Birmingham 1
TOP OF THE 6TH
New Hampshire Fisher Cats batting - Pitching for Birmingham Barons : RHP Jose Almonte
Pitching: RHP Jake Walsh
Batting: RHB Wuilmer Becerra 0-0: Ground out 5-3 (Groundball, 56)
Batting: RHB Calten Daal 0-0: Called Strike
0-1: Ball
1-1: Foul Ball, location: 2F
1-2: Fly out, F7 (Flyball, 7)
Batting: RHB Roberto Baldoquin 0-0: Called Strike
0-1: Foul Ball, location: 2F
0-2: Ground out 1-3 (Groundball, P)
Top of the 6th over - 0 runs, 0 hits, 0 errors, 0 left on base; New Hampshire 1 - Birmingham 1
BOTTOM OF THE 6TH
Birmingham Barons batting - Pitching for New Hampshire Fisher Cats : LHP Ramon Perez
Batting: RHB Brandon Montgomery 0-0: Bunt for hit - play at first, batter OUT! 1-3
Batting: RHB Matt Albanese 0-0: Foul Ball, location: 2F
0-1: Swinging Strike
0-2: Ball
1-2: Foul Ball, location: 2F
1-2: Strikes out swinging
Batting: SHB Bryan Lizardo 0-0: Fly out, F5 (Popup, 5SF)
Bottom of the 6th over - 0 runs, 0 hits, 0 errors, 0 left on base; New Hampshire 1 - Birmingham 1
TOP OF THE 7TH
New Hampshire Fisher Cats batting - Pitching for Birmingham Barons : RHP Jake Walsh
Batting: LHB Quinn Brodey 0-0: Ball
1-0: Swinging Strike
1-1: Called Strike
1-2: DOUBLE (Flyball, 8LXD)
Batting: RHB Michael Rivera 0-0: Foul Ball, location: 2F
0-1: Ball
1-1: Ball
2-1: Called Strike
2-2: Ball
3-2: Strikes out swinging
Batting: RHB Jose Augusto Rodriguez 0-0: Ball
1-0: Ball
2-0: SINGLE (Groundball, 56D)
Quinn Brodey to third
Runner from 3rd tries for Home, SAFE, no throw
Batting: RHB Onil Pena 0-0: Ball
1-0: Called Strike
1-1: Ball
2-1: Ball
3-1: Foul Ball, location: 2F
3-2: Strikes out looking
Batting: RHB Adrian Rondon 0-0: Called Strike
0-1: Ball
1-1: Called Strike
1-2: Strikes out swinging
Top of the 7th over - 1 run, 2 hits, 0 errors, 1 left on base; New Hampshire 2 - Birmingham 1
BOTTOM OF THE 7TH
Birmingham Barons batting - Pitching for New Hampshire Fisher Cats : LHP Ramon Perez
Batting: LHB J.J. Matijevic 0-0: Called Strike
0-1: SOLO HOME RUN (Flyball, 89XD), Distance : 405 ft
Batting: RHB Myles McKisic 0-0: Fly out, F8 (Flyball, 8RD)
Batting: LHB Andrew Noviello 0-0: Ball
1-0: Called Strike
1-1: Fly out, F9 (Flyball, 89D)
Batting: SHB Sergio Alcantara 0-0: Ball
1-0: Ball
2-0: Foul Ball, location: 2F
2-1: Foul Ball, location: 2F
2-2: Fly out, F3 (Line Drive, 3)
Bottom of the 7th over - 1 run, 1 hit, 0 errors, 0 left on base; New Hampshire 2 - Birmingham 2
TOP OF THE 8TH
New Hampshire Fisher Cats batting - Pitching for Birmingham Barons : RHP Jake Walsh
Batting: LHB Jesse Berardi 0-0: Called Strike
0-1: Fly out, F1 (Line Drive, P)
Batting: RHB Wuilmer Becerra 0-0: Ball
1-0: Fly out, F8 (Line Drive, 8LM)
Batting: RHB Calten Daal 0-0: Ball
1-0: Ball
2-0: Ball
3-0: Called Strike
3-1: Ground out 3-1 (Groundball, 34)
Top of the 8th over - 0 runs, 0 hits, 0 errors, 0 left on base; New Hampshire 2 - Birmingham 2
BOTTOM OF THE 8TH
Birmingham Barons batting - Pitching for New Hampshire Fisher Cats : LHP Ramon Perez
Pitching: RHP Zach Pop
Batting: LHB Justin Bellinger 0-0: Ball
1-0: Foul Ball, location: 2F
1-1: Ball
2-1: Called Strike
2-2: Ground out 5-3 (Groundball, 5)
Batting: LHB Daniel Johnson Jr. 0-0: Ball
1-0: Fly out, F9 (Line Drive, 9)
Batting: RHB Brandon Montgomery 0-0: Ball
1-0: Ball
2-0: Ball
3-0: Base on Balls
Batting: RHB Matt Albanese 0-0: Called Strike
0-1: Fielders Choice at 2nd, 6-4 (Groundball, 6)
Bottom of the 8th over - 0 runs, 0 hits, 0 errors, 1 left on base; New Hampshire 2 - Birmingham 2
TOP OF THE 9TH
New Hampshire Fisher Cats batting - Pitching for Birmingham Barons : RHP Jake Walsh
Batting: RHB Roberto Baldoquin 0-0: Fly out, F4 (Popup, 3D)
Batting: LHB Quinn Brodey 0-0: Called Strike
0-1: SINGLE (Groundball, 6D)
Pitching: RHP Tyler Thorne
Pinch Hitting: LHB Zach Reks 0-0: Called Strike
Quinn Brodey steals 2nd base
0-1: Swinging Strike
0-2: Strikes out looking
Pinch Hitting: RHB Yojhan Quevedo 0-0: Intentional Walk
Pinch Hitting: RHB Yeltsin Gudino 0-0: Ball
1-0: Ball
2-0: Ball
3-0: Base on Balls
Quinn Brodey to third
Yojhan Quevedo to second
Batting: RHB Adrian Rondon 0-0: Ball
1-0: Ball
2-0: Ball
3-0: Called Strike
3-1: Called Strike
3-2: SINGLE (Groundball, 34D)
Quinn Brodey scores
Yojhan Quevedo to third
Yeltsin Gudino to second
Yojhan Quevedo scores
Yeltsin Gudino to third
Batting: LHB Jesse Berardi 0-0: Called Strike
0-1: Ball
Pickoff Throw to First - Error! E1
Yeltsin Gudino scores
Adrian Rondon to second
1-1: SINGLE (Groundball, 56S) (infield hit)
Adrian Rondon to third
Batting: RHB Wuilmer Becerra 0-0: Ball
1-0: Ball
2-0: Foul Ball, location: 2F
2-1: Foul Ball, location: 2F
2-2: Foul Ball, location: 2F
2-2: Ground out 5-3 (Groundball, 56S)
Top of the 9th over - 3 runs, 3 hits, 1 error, 2 left on base; New Hampshire 5 - Birmingham 2
BOTTOM OF THE 9TH
Birmingham Barons batting - Pitching for New Hampshire Fisher Cats : RHP Zach Pop
Pitching: RHP Andres Munoz
Now at C: Yojhan Quevedo
Now at 1B: Yeltsin Gudino
Batting: SHB Bryan Lizardo 0-0: Ground out 3-1 (Groundball, 34)
Batting: LHB J.J. Matijevic 0-0: Ball
1-0: Hit by Pitch
Batting: RHB Myles McKisic 0-0: Foul Ball, location: 2F
0-1: Fly out, F9 (Line Drive, 9)
Batting: LHB Andrew Noviello 0-0: Called Strike
0-1: Called Strike
0-2: Ball
1-2: Ball
2-2: Strikes out swinging
Bottom of the 9th over - 0 runs, 0 hits, 0 errors, 1 left on base; New Hampshire 5 - Birmingham 2
Tuesday, June 19th, 2018 - OOTP Baseball 19.6 Build 53